Unix xNetHack Version 8.0.0 - last build Mar 23 2024 02:42:02 (1964348d4f5f1cf1067ea9968e02252fcc83c468). Game began 2024-03-30 09:10:48, ended 2024-04-13 15:25:25. DeVoid, chaotic male human Rogue --------- |.{...(@f# |.{.....|# |.......|# -----.--- ### ### # ## #### #% # DeVoid the Pilferer St:18/04 Dx:15 Co:16 In:8 Wi:10 Ch:10 Chaotic S:80404 Dlvl:21 $:40 HP:0(89) Pw:58(58) AC:-5 Xp:12/16811 T:24876 Latest messages: You climb up the stairs. You are in full health. You descend the stairs. The displacer beast claws you! The displacer beast claws you! The displacer beast bites! The displacer beast swaps places with you... The displacer beast misses! The displacer beast misses! The displacer beast misses! The displacer beast swaps places with you... The displacer beast claws you! The displacer beast claws you! The displacer beast bites! You impale the displacer beast! The displacer beast claws you! The displacer beast claws you! The displacer beast bites! You stab the displacer beast! The displacer beast claws you! The displacer beast claws you! The displacer beast bites! You climb up the stairs. You are in full health. You descend the stairs. The displacer beast claws you! The displacer beast misses! The displacer beast bites! The displacer beast swaps places with you... The displacer beast claws you! The displacer beast claws you! The displacer beast bites! The displacer beast swaps places with you... The displacer beast claws you! The displacer beast claws you! The displacer beast bites! You jab the displacer beast! The displacer beast claws you! The displacer beast claws you! The displacer beast bites! The displacer beast swaps places with you... The displacer beast misses! The displacer beast misses! The displacer beast bites! The displacer beast swaps places with you... The displacer beast hits! The displacer beast claws you! The displacer beast bites! You die... Do you want your possessions identified? [ynq] (y) q Inventory: Inventory: 676/925 weight (17/52 slots) Coins $ - 40 gold pieces {1} Weapons D - 6 blessed +2 daggers named Throwies (at the ready) {60} Q - the blessed shatterproof +4 Mirror Brand (weapon in hand) {22} Armor o - an uncursed very rusty +0 dwarvish helm (being worn) {30} W - a blessed +0 pair of leather gloves (being worn) {8} l - an uncursed +0 pair of mithril dwarvish boots (being worn) {24} x - an uncursed +0 mithril elven shield (being worn) {50} y - an uncursed burnt rotted +0 cloak of magic resistance (being worn) {8} t - an uncursed shatterproof +0 glass plate mail (being worn) {253} Comestibles K - 8 uncursed food rations {160} I - an uncursed lizard corpse {10} Z - an uncursed lizard corpse {10} Rings P - an uncursed ring of fire resistance (on right hand) {2} X - an uncursed ring of free action (on left hand) {3} Tools G - an uncursed blindfold {2} e - an uncursed lock pick {4} C - a blessed +0 unicorn horn {20} Gems/Stones L - a blessed luckstone named lootz on lv7 {10} DeVoid the Rogue's attributes: Background: You were a Pilferer, a level 12 male human Rogue. You were chaotic, on a mission for Kos who was opposed by Issek (lawful) and Mog (neutral). You were heterosexual. You were in the Dungeons of Doom, on level 21. You entered the dungeon 24876 turns ago. You had 16811 experience points, 4189 more were needed to attain level 13. Your score was 80404 before end-of-game adjustments. Basics: You had 0 out of 89 hit points. You had all 58 energy points (spell power). Your armor class was -5. Your wallet contained 40 zorkmids. Autopickup was on for '$?!/="+' plus thrown. Final Characteristics: Your strength was 18/04 (limit:18/100). Your dexterity was 15 (peak:18, limit:18). Your constitution was 16 (limit:18). Your intelligence was 8 (limit:18). Your wisdom was 10 (peak:11, limit:18). Your charisma was 10 (limit:18). Final Status: You were not hungry. You were unencumbered. You were wielding a short sword. You had expert skill with short sword. Final Attributes: You were piously aligned. You were magic-protected. You were fire resistant. Your items were protected from fire. You were shock resistant. You were poison resistant. You were telepathic. You had automatic searching. You were stealthy. You were guarded. You had reflection. You had free action. You were extremely lucky. You had extra luck. Good luck did not time out for you. You are dead (2nd time!). Miscellaneous: You encountered 1 bones level. Total elapsed playing time was 16 hours, 22 minutes and 30 seconds. Major events: Turn 1: DeVoid the chaotic male human Rogue entered the dungeon 939: read a Discworld novel 939: attained the rank of Cutpurse (level 3) 2736: entered the Gnomish Mines 2831: attained the rank of Rogue (level 6) 3978: reached Mine Town 8019: acquired the Mines' End luckstone 9771: was bestowed with The Apple of Discord by Kos 9934: was bestowed with Mirror Brand by Kos 10541: was bestowed with Orcrist by Kos 12718: entered Sokoban 13098: completed 1st Sokoban level 13786: completed 2nd Sokoban level 14908: completed 3rd Sokoban level 16385: completed 4th Sokoban level 16454: attained the rank of Pilferer (level 10) 16602: acquired the Sokoban bag of holding 16726: just blew up his bag of holding via tipping 19706: entered the Bigroom 20351: destroyed zoya's ghost, the former Magician 24677: averted death (killed by a baluchitherium) 24876: killed by a displacer beast Vanquished creatures: a baluchitherium 2 nurses a lieutenant a queen bee 2 giant mimics 2 orc-captains a long worm 4 stalkers a fire elemental a hill giant a black naga a giant zombie 7 wargs a winter wolf 8 small mimics 4 warhorses 3 xans an ettin mummy a troll a quantum mechanic 3 gelatinous cubes 3 large dogs 3 shocking spheres 3 large cats 3 tigers a gargoyle 2 dwarf rulers a tengu 3 leocrottas 2 energy vortices 3 stone giants an elf mummy 2 pythons a cobra 10 wraiths an ettin zombie 3 leather golems 2 soldiers an amorous demon 4 chameleons a crocodile 6 giant beetles a quivering blob 4 cockatrices 2 wolves 2 panthers a leprechaun a mountain nymph 2 iron piercers 3 giant spiders a horse 2 ice vortices 2 black lights 3 vampire bats 2 gnome rulers a dwarf mummy a brown pudding 2 rust monsters an owlbear a yeti 4 lizards a chickatrice 2 dingoes 2 housecats 4 jaguars 2 dwarf leaders 3 blue jellies 2 water nymphs 3 white unicorns a gray unicorn 3 dust vortices 3 ravens a Woodland-elf a snake 3 ghosts 2 apes 2 human zombies 2 rope golems a soldier ant 34 fire ants 3 wood nymphs 2 bugbears 4 Mordor orcs 12 Uruk-hai 2 orc shamans 2 rock piercers 2 rock moles 2 ponies 2 fog clouds 2 yellow lights 3 shriekers 4 violet fungi 19 gnome leaders 3 gnomish wizards 5 gray oozes 5 elf zombies a ghoul a straw golem 2 paper golems 7 giant ants 2 little dogs 9 floating eyes a kitten 23 dwarves 2 kobold leaders 2 kobold shamans 7 hill orcs 3 rothes a rabid rat a centipede a giant bat a monkey 3 orc zombies 3 dwarf zombies 3 wererats 6 iguanas 74 killer bees 2 acid blobs a gas spore 9 hobbits 4 hobgoblins 7 giant rats 4 cave spiders 3 brown molds a yellow mold 4 green molds a red mold 74 gnomes a garter snake 4 gnome zombies 9 geckos 7 jackals 2 foxes 3 goblins a sewer rat 11 grid bugs a bat 11 lichens 2 kobold zombies 8 newts 606 creatures vanquished. No species were genocided or became extinct. Voluntary challenges: You read items or engraved 27 times. You never genocided any monsters. You never polymorphed an object. You never changed form. You used no wishes. You were celibate. You did not violate any of the special Sokoban rules. Achievements: You entered a shop. You read from a Discworld novel. You attained the rank of Cutpurse. You entered the Gnomish Mines. You attained the rank of Rogue. You entered Minetown. You entered a temple. You completed the Gnomish Mines. You entered Sokoban. You attained the rank of Pilferer. You completed Sokoban. You entered the Big Room. Dungeon overview: The Dungeons of Doom: levels 1 to 21 Level 1: A fountain. Level 2: A general store, an altar to Kos. Level 3: A scroll shop, many fountains. Level 4: Stairs down to The Gnomish Mines. Level 5: Level 6: Many fountains, many trees. Oracle of Delphi. Level 7: A potion shop, a sink. Stairs up to Sokoban, level 6. Level 8: A fountain. Level 9: Level 10: Level 11: A fountain. Level 12: Summoned by the Master of Thieves. Level 13: A grave. A very big room. Final resting place for zoya-Wiz-Gno-Fem-Neu, killed by an invisible stalker, while dressing up. Level 14: Level 15: Some shops. Level 16: A fountain. Level 17: Level 18: Level 19: Many graves. Level 20: Some fountains. Level 21: <- You were here. A fountain, a sink. Final resting place for you, killed by a displacer beast. The Gnomish Mines: levels 5 to 12 Level 5: Level 6: Level 7: Many shops, a temple to Kos, some fountains, some trees. Level 8: Level 9: Level 10: Level 11: Level 12: Sokoban: levels 6 up to 3 Level 3: Solved. Level 4: Solved. Level 5: Solved. Level 6: Solved. Game over: __________ / \ / REST \ / IN \ / PEACE \ / \ | DeVoid | | 40 Au | | killed by a | | displacer beast | | | | | | 2024 | *| * * * | * _________)/\\_//(\/(/\)/\//\/|_)_______ Goodbye DeVoid the Rogue... You died in The Dungeons of Doom on dungeon level 21 with 80400 points, and 40 pieces of gold, after 24876 moves. You were level 12 with a maximum of 89 hit points when you died.